 Dungeon Crawl Stone Soup version 0.21.1-1-g345015fe64 (webtiles) character file.

408 HessuHobo the Cutter (level 6, -5/59 HPs)
             Began as a Troll Fighter on May 23, 2018.
             Killed by divine providence
             ... invoked by an orc priest
              (13 damage)
             ... on level 4 of the Dungeon.
             The game lasted 00:06:22 (3365 turns).

HessuHobo the Cutter (Troll Fighter)                Turns: 3365, Time: 00:06:23

Health: -5/59      AC:  5    Str: 26    XL:     6   Next: 57%
Magic:  5/5        EV:  9    Int:  4    God:
Gold:   174        SH:  9    Dex: 10    Spells: 5/5 levels left

rFire    . . .     SeeInvis .   a - +0 rapier
rCold    . . .     Gourm    +   c - +0 shield
rNeg     . . .     Faith    .   b - +0 robe
rPois    .         Spirit   .   (helmet restricted)
rElec    .         Reflect  .   (no cloak)
rCorr    .         Harm     .   (gloves unavailable)
MR       .....                  (boots unavailable)
Stlth    +.........             (no amulet)
HPRegen  0.59/turn              (no ring)
MPRegen  0.09/turn              (no ring)

@: about to teleport
A: large, unfitting armour, claws 3, fast metabolism 3, gourmand, regeneration
1, shaggy fur 1, tough skin 2
a: no special abilities


You were on level 4 of the Dungeon.
You were not hungry.

You visited 1 branch of the dungeon, and saw 4 of its levels.

You collected 174 gold pieces.

Inventory:

Hand Weapons
 a - a +0 rapier (weapon)
 p - a cursed -1 dagger
Armour
 b - a +0 robe (worn)
 c - a +0 shield (worn)
Scrolls
 g - a scroll of teleportation
 j - a scroll of identify
 l - 2 scrolls of amnesia
Potions
 d - a potion of might
 e - 2 potions of curing
 h - a potion of resistance {unknown}
 i - a potion of heal wounds {unknown}
 k - 2 potions of haste {unknown}
 m - a potion of invisibility {unknown}
 n - a potion of mutation {unknown}
 o - a potion of degeneration {unknown}
 q - a potion of lignification {unknown}
Comestibles
 f - 6 rations


   Skills:
 + Level 2.9 Fighting
 * Level 4.6 Short Blades
 + Level 3.2 Dodging
 + Level 3.3 Shields


You had 5 spell levels left.
You didn't know any spells.

Dungeon Overview and Level Annotations

Branches:
Dungeon (4/15)
 Temple: D:4-7

Altars:
Ashenzari
Cheibriados
Dithmenos
Hepliaklqana
Makhleb
Okawaru
Qazlal
Sif Muna
Trog
Uskayaw
Zin


Innate Abilities, Weirdness & Mutations

You are too large for most types of armour.
You have claws for hands.
Your metabolism is lightning-fast.
You like to eat raw meat.
Your natural rate of healing is unusually fast.
You are covered in fur. (AC +1)
You have very tough skin. (AC +2)


Message History

You barely miss the orc wizard.
The orc wizard is heavily wounded.
The orc wizard hits you but does no damage.
The orc wizard points at you and mumbles some strange words.
The magic dart hits you!
* * * LOW HITPOINT WARNING * * *
The orc priest hits you but does no damage.
As you read the scroll of teleportation, it crumbles to dust.
You feel strangely unstable. The orc wizard barely misses you.
You hit the orc wizard.
The orc wizard is severely wounded.
The orc wizard closely misses you.
The orc priest hits you from afar with a trident.
* * * LOW HITPOINT WARNING * * *
You block the orc wizard's attack.
You closely miss the orc wizard.
The orc wizard is severely wounded.
The orc priest mumbles some strange prayers to Beogh against you.
Beogh smites you!
You die...

#.#
###########
#.# #.#
#.....# #.#
#.....# #.#
#.....# #.#
#.....# #.#
#.o...# #o#
#..o..# #@#
#.....#
#.###.....##
#.o.'........
#####Z....###
#####.# .. ..
#


You could see an orc priest and an orc wizard.

Vanquished Creatures
  An ogre (D:4)
  2 howler monkeys (D:4)
  A hound (D:4)
  An iguana (D:4)
  2 centaur skeletons (D:4)
  5 adders
  2 oozes
  2 worms (D:2)
  A dart slug (D:1)
  3 leopard geckos
  4 orcs
  14 bats
  4 giant cockroaches
  10 goblins
  8 hobgoblins
  2 quokkas
  A ball python (D:3)
  4 frilled lizards
  5 kobolds
  A quokka skeleton (D:4)
  3 rats
76 creatures vanquished.

Notes
Turn   | Place    | Note
-------+----------+-------------------------------------------
     0 | D:1      | HessuHobo the Troll Fighter began the quest for the Orb.
     0 | D:1      | Reached XP level 1. HP: 22/22 MP: 0/0
    82 | D:1      | Reached XP level 2. HP: 29/29 MP: 1/1
   222 | D:1      | Found a shattered altar of Ashenzari.
   498 | D:2      | Found a bloodstained altar of Trog.
   500 | D:2      | Found a burning altar of Makhleb.
   502 | D:2      | Found a deep blue altar of Sif Muna.
   504 | D:2      | Found a snail-covered altar of Cheibriados.
   504 | D:2      | Found an iron altar of Okawaru.
   504 | D:2      | Found a hide-covered altar of Uskayaw.
   505 | D:2      | Found a glowing silver altar of Zin.
   506 | D:2      | Found a hazy altar of Hepliaklqana.
   508 | D:2      | Found a stormy altar of Qazlal.
   513 | D:2      | Reached skill level 2 in Short Blades
   514 | D:2      | Found a shadowy altar of Dithmenos.
   545 | D:2      | Reached XP level 3. HP: 36/36 MP: 2/2
  1523 | D:3      | Reached XP level 4. HP: 44/44 MP: 3/3
  2011 | D:3      | Reached skill level 3 in Short Blades
  2217 | D:3      | Found a faded altar of an unknown god.
  2440 | D:4      | Reached XP level 5. HP: 45/50 MP: 4/4
  2579 | D:4      | Noticed an ogre
  2592 | D:4      | Killed an ogre
  2592 | D:4      | Reached skill level 4 in Short Blades
  2698 | D:4      | Reached XP level 6. HP: 44/59 MP: 5/5
  3365 | D:4      | Killed from afar by an orc priest

Skill      XL: |  1  2  3  4  5 |
---------------+----------------+-----
Short Blades   | 2 3 4 |  4.6
Dodging        | 3 |  3.2
Shields        | 3 |  3.3
Fighting       | |  2.9

Action                   |  1- 3 |  4- 6 || total
-------------------------+-------+-------++-------
Melee: Rapier            |   133 |   183 ||   316
  Use: Scroll            |       |     9 ||     9
       Potion            |       |     1 ||     1
 Stab: Sleeping          |     1 |       ||     1
  Eat: Chunk             |     7 |    16 ||    23
       Ration            |     1 |     1 ||     2
Armor: Robe              |    31 |    45 ||    76
Dodge: Dodged            |    40 |    59 ||    99
Block: Shield            |    71 |    96 ||   167
